 Seeded DCSS version 0.31-a0-460-g9e667d4245 (webtiles) character file.

Game seed: 4974466451597650101 (custom seed)

26 AccursedSamuel the Ruffian (level 2, 0/23 HPs)
             Began as a Draconian Shapeshifter on Aug 4, 2023.
             Slain by a jackal (3 damage)
             ... on level 1 of the Dungeon.
             The game lasted 00:01:25 (479 turns).

AccursedSamuel the Ruffian (Draconian Shapeshifter)  Turns: 479, Time: 00:01:26

Health: 0/23       AC:  4    Str: 17    XL:     2   Next: 89%
Magic:  2/2        EV: 12    Int:  8    God:
Gold:   9          SH:  0    Dex: 11    Spells: 1/1 levels left

rFire   . . .        c - +0 sling
rCold   . . .        (no shield)
rNeg    . . .        (body armour unavailable)
rPois   .            (helmet currently unavailable)
rElec   .            (cloak currently unavailable)
rCorr   .            (gloves currently unavailable)
SInv    .            (boots currently unavailable)
Will    .....        (no amulet)
Stlth   +            (no ring)
HPRegen 0.23/turn    (no ring)
MPRegen 0.08/turn

%: no passive effects
@: beast-form
A: beast (slay +2), AC +4, unfitting armour, cold-blooded
a: Begin Untransformation


You were on level 1 of the Dungeon.
You were a hulking beast.
You visited 1 branch of the dungeon, and saw 1 of its levels.

You collected 9 gold pieces.

Inventory:

Hand Weapons
 c - a +0 sling (weapon)
Talismans
 b - a beast talisman (active)
Scrolls
 e - a scroll of revelation {unknown}
Potions
 a - a potion of lignification
 d - a potion of invisibility {unknown}


   Skills:
 + Level 1.3 Fighting
 + Level 0.8 Ranged Weapons
 + Level 2.0 Dodging
 + Level 3.3 Unarmed Combat
 + Level 3.2 Shapeshifting


You had one spell level left.
You didn't know any spells.
Your spell library was empty.

Dungeon Overview and Level Annotations

Branches:
Dungeon (1/15)

Altars:


Innate Abilities, Weirdness & Mutations

You are a hulking beast.
Your limbs bulge with bestial killing power. (Slay +2)
Your plain brown scales are hard. (AC +4)
You cannot fit into any form of body armour.
You are cold-blooded and may be slowed by cold attacks.


Message History

The jackal is moderately wounded.
The jackal bites you but does no damage.
The jackal closely misses you. The jackal bites you.
The jackal bites you but does no damage.
The jackal bites you. x2
You shoot a sling bullet.
The sling bullet barely misses the jackal.
The jackal bites you.
The jackal bites you but does no damage. x2
The jackal barely misses you.
The jackal bites you but does no damage.
The jackal misses you.
You shoot a sling bullet. The sling bullet hits the jackal.
You kill the jackal!
The jackal barely misses you.
The jackal bites you but does no damage.
The jackal bites you. The jackal misses you.
The jackal bites you but does no damage.
The jackal barely misses you.
Things that are here:
a jackal corpse; a jackal corpse The jackal closely misses you.
The jackal bites you. The jackal closely misses you.
The jackal attacks as you move away! The jackal bites you.
You see here a white potion.
The jackal attacks as you move away! The jackal closely misses you.
The jackal attacks as you move away! The jackal bites you.
The jackal closely misses you. The jackal barely misses you.
The jackal closely misses you.
You shoot a sling bullet. The sling bullet hits the jackal.
The jackal is almost dead.
The jackal closely misses you. The jackal bites you.
The jackal closely misses you. The jackal bites you.
* * * LOW HITPOINT WARNING * * *
You shoot a sling bullet.
The sling bullet closely misses the jackal.
The jackal bites you.
* * * LOW HITPOINT WARNING * * *
The jackal bites you.
You die...

#.....#.#.#.#
#.....#.#.#.######
'..<..+.#.#.'.'..#
#.....#.#.#.###†.#
#.....#.#.#.#....#
###'###.#.#.#....#
.......#.##.#..!.#
#########.#.#..hh#
............#...h#
###+#########..###
....# #####


You could see 2 jackals.

Vanquished Creatures
  A gnoll (D:1)
  A ball python (D:1)
  A giant cockroach (D:1)
  A goblin (D:1)
  2 hobgoblins (D:1)
  2 jackals (D:1)
  A quokka (D:1)
  A bat (D:1)
  3 kobolds (D:1)
  4 rats (D:1)
17 creatures vanquished.

Notes
Turn   | Place    | Note
-------+----------+-------------------------------------------
     0 | D:1      | AccursedSamuel the Draconian Shapeshifter began the quest
                  | for the Orb.
     0 | D:1      | Reached XP level 1. HP: 16/16 MP: 1/1
   121 | D:1      | Reached XP level 2. HP: 10/23 MP: 2/2
   479 | D:1      | Slain by a jackal

Illustrated notes

Levels and vault maps discovered:
D:1:      matt_arrival_los_fun, layout_rooms, basic_ecumenical_altar

Skill      XL: |  1  2 |
---------------+-------+-----
Dodging        | 2 |  2.0
Fighting       | |  1.3
Ranged Weapons | |  0.8
Unarmed Combat | |  3.3
Shapeshifting  | |  3.2

Action                     || total
---------------------------++-------
  Melee: Unarmed           ||    23
         Tailslap          ||     1
   Fire: Sling             ||    29
 Armour: Skin              ||    33
  Dodge: Dodged            ||    70

Table legend: (Time is in decaauts)
 A = Elapsed time spent in this place.
 B = Non-inter-level travel time spent in this place.
 C = Inter-level travel time spent in this place.
 D = Time resting spent in this place.
 E = Time spent auto-exploring this place.
 F = Levels seen in this place.
 G = Mean time per level.
                   A        B        C        D        E       F      G
               +--------+--------+--------+--------+--------+-----+--------+
         Total |    487 |    487 |      0 |      0 |    228 |   1 |  487.0 |
       Dungeon |    487 |    487 |      0 |      0 |    228 |   1 |  487.0 |
               +--------+--------+--------+--------+--------+-----+--------+

Top non-repeatable levels by time:
     D:1: 487 daAuts
